 Dungeon Crawl Stone Soup version 0.20.1-1-g8b1a95d (webtiles) character file.

35 Knicklaso the Chiller (level 3, -7/26 HPs)
             Began as a Ghoul Ice Elementalist on July 18, 2017.
             Mangled by a worm (8 damage)
             ... on level 2 of the Dungeon.
             The game lasted 00:07:15 (1034 turns).

Knicklaso the Chiller (Ghoul Ice Elementalist)      Turns: 1034, Time: 00:07:15

Health: -7/26      AC:  2    Str: 11    XL:     3   Next: 35%
Magic:  0/5        EV: 12    Int: 11    God:
Gold:   116        SH:  0    Dex:  9    Spells: 6/7 levels left

rFire    . . .     SeeInvis .   (no weapon)
rCold    + . .     Gourm    .   (no shield)
rNeg     + + +     Faith    .   a - +0 robe
rPois    ∞         Spirit   .   (no helmet)
rElec    .         Reflect  .   (no cloak)
rCorr    .         Harm     .   (no gloves)
MR       .....                  (no boots)
Stlth    ++........             (no amulet)
Regen    0.0/turn               (no ring)
MPRegen  0.1/turn               (no ring)

@: rotting
A: rotting body, claws 1, carnivore 3, cold resistance 1, negative energy
resistance 3, inhibited regeneration, torment resistance, unbreathing
a: no special abilities


You were on level 2 of the Dungeon.
You were not hungry.

You visited 1 branch of the dungeon, and saw 2 of its levels.

You collected 116 gold pieces.

Inventory:

Armour
 a - a +0 robe (worn)
 j - a +0 helmet
Scrolls
 f - a scroll of immolation {unknown}
 g - 3 scrolls of teleportation {unknown}
 h - a scroll of magic mapping {unknown}
 l - a scroll of amnesia {unknown}
 o - a scroll of enchant weapon {unknown}
Potions
 d - 4 potions of curing {unknown}
 e - 3 potions of agility {unknown}
 k - 2 potions of flight {unknown}
 m - a potion of heal wounds {unknown}
 n - a potion of magic {unknown}
Books
 b - a book of Frost

   Spells                             Type                      Level
   a - Freeze                         Ice                          1
   b - Throw Frost                    Conjuration/Ice              2
   c - Ozocubu's Armour               Charms/Ice                   3
   d - Throw Icicle                   Conjuration/Ice              4
   e - Summon Ice Beast               Ice/Summoning                4
Comestibles
 c - a meat ration


   Skills:
 - Level 1.7 Dodging
 - Level 2.1 Stealth
 + Level 2.5 Spellcasting
   Level 0.7 Conjurations
 + Level 4.0 Ice Magic


You had 6 spell levels left.
You knew the following spells:

 Your Spells              Type           Power        Failure   Level  Hunger
a - Freeze                Ice            ##..         5%          1    ##.....


Dungeon Overview and Level Annotations

Branches:
Dungeon (2/15)

Altars:
Fedhas
Hepliaklqana


Innate Abilities, Weirdness & Mutations

Your body is rotting away.
You thrive on raw meat.
You are immune to poison.
You have sharp fingernails.
You are carnivorous and can eat meat at any time.
Your flesh is cold resistant. (rC+)
You are immune to negative energy. (rN+++)
You do not regenerate when monsters are visible.
You are immune to unholy pain and torment.
You can survive without breathing.


Message History

You scratch the worm.
The worm is almost dead.
You scratch the worm but do no damage.
The worm is almost dead.
The worm barely misses you.
You scratch the worm but do no damage.
The worm is almost dead.
You barely miss the worm.
The worm is almost dead.
The worm bites you.
* * * LOW HITPOINT WARNING * * *
You barely miss the worm.
The worm is almost dead.
The worm barely misses you.
You scratch the worm but do no damage.
The worm is severely wounded.
You scratch the worm.
The worm is almost dead.
The worm bites you!
You die...

#...#### ...## #......# ...##
#...##.### #...##
#...##...#########.#..#
###.####.##...........###
###.####..#^............#
.......##.#........)....#
####.#....#.(.........#.########
#............>..@.......#......##
#......#........w.....##..####...
#.......###...........#.≈≈....###
#...........#....#.#...≈≈≈≈≈###
#....####.#.##..........≈_≈≈#
#[...# #...##.###......≈≈≈≈#
.....# ##..###.##........)≈.##
...... .....##.....##....#...##
###### #....)....###....###..#


You could see a worm.

Vanquished Creatures
  A dart slug (D:2)
  A leopard gecko (D:1)
  6 bats
  2 giant cockroaches
  6 goblins
  2 hobgoblins
  A jackal (D:2)
  4 kobolds
  A ball python (D:2)
  3 frilled lizards
  3 rats
30 creatures vanquished.

Notes
Turn   | Place    | Note
-------+----------+-------------------------------------------
     0 | D:1      | Knicklaso the Ghoul Ice Elementalist began the quest for the Orb.
     0 | D:1      | Reached XP level 1. HP: 14/14 MP: 2/2
   247 | D:1      | Reached XP level 2. HP: 13/20 MP: 0/4
   621 | D:2      | Found a blossoming altar of Fedhas.
   636 | D:2      | Reached XP level 3. HP: 19/26 MP: 0/5
   801 | D:2      | Reached skill level 4 in Ice Magic
   816 | D:2      | Found a hazy altar of Hepliaklqana.
  1031 | D:2      | HP: 1/26 [worm (6)]
  1034 | D:2      | Mangled by a worm

Skill      XL: |  1  2  3 |
---------------+----------+-----
Spellcasting   | 2 |  2.5
Ice Magic      | 4 |  4.0
Dodging        | |  1.7
Stealth        | |  2.1
Conjurations   | |  0.7

Action                   || total
-------------------------++-------
Melee: Unarmed           ||    90
 Cast: Freeze            ||    42
  Eat: Chunk             ||    15
Armor: Robe              ||    43
Dodge: Dodged            ||    89
